 Dungeon Crawl Stone Soup version bcrawl-1.12.2 (webtiles) character file.

Game seed: 10375475043925060190

60 Ebbett the Chiller (level 4, -8/27 HPs)
             Began as a Fairy Ice Elementalist on July 23, 2019.
             Mangled by Sigmund
             ... wielding a +0 scythe
              (11 damage)
             ... on level 3 of the Dungeon.
             The game lasted 00:07:06 (1333 turns).

Ebbett the Chiller (Fairy Ice Elementalist)         Turns: 1333, Time: 00:07:07

Health: -8/27      AC:  4    Str:  6    XL:     4   Next: 4%
Magic:  6/12       EV: 17    Int: 19    God:
Gold:   137        SH:  4    Dex: 13    Spells: 8/11 levels left

rFire    . . .     SeeInvis .   j - -1 spear (curse)
rCold    . . .     Gourm    .   (shield restricted)
rNeg     . . .     Faith    .   (armour unavailable)
rPois    .         Spirit   .   (no helmet)
rElec    .         Reflect  .   (no cloak)
rCorr    .         Harm     .   (no gloves)
MR       .....                  (no boots)
Stlth    +.........             (no amulet)
HPRegen  0.09/turn              (no ring)
MPRegen  0.13/turn              (no ring)

@: flying evasively
A: small, magic attunement, unstealthy, unfitting armour, able to fly, AC/SH +4
a: Stop Flying


You were on level 3 of the Dungeon.
You were not hungry.

You visited 1 branch of the dungeon, and saw 3 of its levels.

You collected 137 gold pieces.

Inventory:

Hand Weapons
 j - a cursed -1 spear (weapon)
Scrolls
 a - a scroll of remove curse {unknown}
 d - 2 scrolls of teleportation {unknown}
 f - a scroll of blinking {unknown}
 g - a scroll of amnesia {unknown}
 h - a scroll of enchant armour {unknown}
 i - a scroll of fog {unknown}
 m - a scroll of immolation {unknown}
Potions
 c - a potion of curing {unknown}
 e - a potion of heal wounds {unknown}
 k - a potion of degeneration {unknown}
 l - 2 potions of flight {unknown}
Comestibles
 b - 6 rations {!d}


   Skills:
 + Level 2.8 Dodging
 + Level 1.6 Stealth
 + Level 4.1 Spellcasting
 + Level 1.2 Conjurations
 + Level 4.6 Ice Magic


You had 8 spell levels left.
You knew the following spells:

 Your Spells              Type           Power        Failure   Level  Hunger
a - Freeze                Ice            ###...       1%          1    None
b - Throw Frost           Conj/Ice       ###...       6%          2    None

Your spell library contained the following spells:

 Spells                   Type           Power        Failure   Level  Hunger
 Ozocubu's Armour         Chrm/Ice       ##......     16%         3    None
 Throw Icicle             Conj/Ice       ###.....     38%         4    None
 Summon Ice Beast         Ice/Summ       ##......     45%         4    None


Dungeon Overview and Level Annotations

Branches:
Dungeon (3/12)

Altars:

Annotations:
D:3 Sigmund


Innate Abilities, Weirdness & Mutations

Your spells do not cause hunger and MP costs are reduced by 1.
Your bright wings attract enemies. (Stealth-)
You cannot fit into any form of body armour.
Your shimmering scales are hard and can block incoming attacks. (AC +4, SH +4)
You are small and have problems with some larger weapons.
You can fly continuously.


Message History

The puff of frost hits Sigmund.
Sigmund resists.
Sigmund is severely wounded.
Casting: Throw Frost (safe; 6% risk of failure)
Confirm with . or Enter, or press ? or * to list all spells.
Aiming: Throw Frost (safe; 6% risk of failure)
Press: ? - help, Shift-Dir - straight line, f/p - Sigmund
Aim: Sigmund, wielding a +0 scythe, wearing a +2 robe of cold resistance and carrying a wand of iceblast (6) (severely wounded)
The puff of frost misses Sigmund.
You block Sigmund's attack.
Casting: Throw Frost (safe; 6% risk of failure)
Confirm with . or Enter, or press ? or * to list all spells.
Aiming: Throw Frost (safe; 6% risk of failure)
Press: ? - help, Shift-Dir - straight line, f/p - Sigmund
Aim: Sigmund, wielding a +0 scythe, wearing a +2 robe of cold resistance and carrying a wand of iceblast (6) (severely wounded)
The puff of frost hits Sigmund.
Sigmund resists.
Sigmund is severely wounded.
Sigmund gestures at you while chanting. The puff of flame hits you!
* * * LOW HITPOINT WARNING * * *
Sigmund hits you from afar with a +0 scythe!
You die...

### ..###
...## # ...#
.##
###..####..#
##.....#.....
##....@.......
#...!.........
#...@.........
#...?.........
#.............
#......$......
#.............
##>...........
##..(..#.....


You could see Sigmund.

Vanquished Creatures
  A worm (D:2)
  2 dart slugs (D:2)
  2 leopard geckos
  2 ball pythons (D:1)
  6 bats
  3 giant cockroaches
  3 goblins (D:1)
  7 hobgoblins
  4 jackals
  6 kobolds
  3 frilled lizards
  5 rats
44 creatures vanquished.

Vanquished Creatures (others)
  4 toadstools (D:1)
4 creatures vanquished.

Grand Total: 48 creatures vanquished

Notes
Turn   | Place    | Note
-------+----------+-------------------------------------------
     0 | D:1      | Ebbett the Fairy Ice Elementalist began the quest for the
                  | Orb.
     0 | D:1      | Reached XP level 1. HP: 11/11 MP: 6/6
    41 | D:1      | Reached XP level 2. HP: 17/17 MP: 7/7
   200 | D:1      | Reached XP level 3. HP: 21/21 MP: 9/9
  1116 | D:2      | Reached XP level 4. HP: 27/27 MP: 12/12
  1169 | D:3      | Noticed Sigmund
  1173 | D:3      | Learned a level 2 spell: Throw Frost
  1333 | D:3      | Mangled by Sigmund

Skill      XL: |  1  2  3 |
---------------+----------+-----
Ice Magic      | 4 |  4.6
Spellcasting   | 3 4 |  4.1
Dodging        | |  2.8
Stealth        | |  1.6
Conjurations   | |  1.2

Action                   |  1- 3 |  4- 6 || total
-------------------------+-------+-------++-------
Melee: Unarmed           |     1 |       ||     1
       Spear             |     1 |       ||     1
 Cast: Freeze            |    64 |     1 ||    65
       Throw Frost       |       |    20 ||    20
  Eat: Chunk             |       |     1 ||     1
Armor: Skin              |    11 |       ||    11
Dodge: Dodged            |    43 |     8 ||    51
Block: Other             |     8 |     4 ||    12
